 Dungeon Crawl Stone Soup version 0.31.0-11-ge490571c62 (webtiles) character file.

Game seed: 764560544574762841

56 qw the Shooter (level 3, 0/20 HPs)
             Began as a Deep Elf Hunter on Feb 3, 2024.
             Slain by an adder (3 damage)
             ... on level 2 of the Dungeon.
             The game lasted 00:00:05 (1365 turns).

qw the Shooter (Deep Elf Hunter)                    Turns: 1365, Time: 00:00:05

Health: 0/20       AC:  4    Str: 10    XL:     3   Next: 69%
Magic:  5/5        EV: 12    Int: 13    God:
Gold:   74         SH:  0    Dex: 18    Spells: 2/2 levels left

rFire   . . .        a - +0 shortbow
rCold   . . .        (shield currently unavailable)
rNeg    . . .        c - +0 leather armour
rPois   .            j - +0 helmet
rElec   .            (no cloak)
rCorr   .            (no gloves)
SInv    .            (no boots)
Will    .....        g - amulet of faith
Stlth   ++           (no ring)
HPRegen 0.23/turn    (no ring)
MPRegen 0.09/turn

%: faith
@: about to teleport
A: no striking features
a: no special abilities


You were on level 2 of the Dungeon.
You visited 1 branch of the dungeon, and saw 2 of its levels.

You collected 74 gold pieces.


   Skills:
 - Level 1.5 Fighting
 + Level 7.2 Ranged Weapons
 - Level 2.4 Dodging
 - Level 1.2 Stealth


You had 2 spell levels left.
You didn't know any spells.
Your spell library was empty.

Inventory:

Hand Weapons
 a - a +0 shortbow (weapon)
Armour
 c - a +0 leather armour (worn)
 f - a +0 ring mail
 j - a +0 helmet (worn)
Jewellery
 g - an amulet of faith (around neck)
Scrolls
 e - a scroll of teleportation
Potions
 b - a potion of curing {unknown}
 d - a potion of resistance
 i - 2 potions of attraction {unknown}
 l - a potion of haste {unknown}

Dungeon Overview and Level Annotations

Branches:
Dungeon (2/15)

Altars:
Elyvilon


Message History

The arrow hits the hobgoblin.
You kill the hobgoblin!
An endoplasm comes into view.
You shoot an arrow. The arrow barely misses the orc.
An adder comes into view.
The orc hits you with a +0 mace.
You shoot an arrow. The arrow barely misses the orc.
The adder hisses angrily.
The arrow hits the endoplasm but does no damage.
You hear an angry hiss.
You hear a shout!
A kobold comes into view. It is wielding a +0 whip.
The orc barely misses you.
You shoot an arrow. The arrow hits the orc!
You kill the orc!
You shoot an arrow.
The arrow hits the endoplasm but does no damage.
The endoplasm freezes you.
You are frozen.
You shoot an arrow. The arrow misses the adder.
The adder completely misses you. The hobgoblin hits you.
The endoplasm closely misses you.
You shoot an arrow. The arrow hits the adder.
The adder is moderately wounded.
The adder barely misses you. The hobgoblin hits you. The endoplasm freezes you.
You are frozen.
You shoot an arrow.
The arrow hits the adder but does no damage.
The adder is moderately wounded.
The adder barely misses you. The hobgoblin closely misses you.
The endoplasm closely misses you. The adder bites you.
1364 ||| READING 2 scrolls of teleportation.
As you read the scroll of teleportation, it crumbles to dust.
You feel strangely unstable. The adder bites you.
The hobgoblin closely misses you. The endoplasm closely misses you.
You shoot an arrow. The arrow misses the adder.
You hear an angry hiss.
The adder bites you.
You die...

#.##### ....### #......
#..... ....... .....###+#
.##..... ......... .......
..........###.....
###K........# #.....
#.SJg.......######..
#@........+.......
###.........#######.
...#####...................
#...........%..##########.
#######........'........).
#........###########
#........# #.....
#........# #.#...
#........# #.#.#.


You could see an adder, an endoplasm, a hobgoblin and a kobold.

Vanquished Creatures
  2 adders (D:2)
  2 dart slugs (D:1)
  An orc (D:2)
  An endoplasm (D:1)
  2 hobgoblins
  3 kobolds (D:1)
  A quokka (D:1)
  4 ball pythons
  6 bats
  2 frilled lizards
  4 goblins
  8 rats
36 creatures vanquished.

Notes
Turn   | Place    | Note
-------+----------+-------------------------------------------
     0 | D:1      | qw the Deep Elf Hunter began the quest for the Orb.
     0 | D:1      | Reached XP level 1. HP: 12/12 MP: 3/3
     0 | D:1      | 0 ||| qw: Version: 0.3-a-155-g5e7d8dd
     0 | D:1      | 0 ||| qw: Game counter: 3507
     0 | D:1      | 0 ||| qw: Melee chars always use a shield: true
     0 | D:1      | 0 ||| qw: God list: Okawaru
     0 | D:1      | 0 ||| qw: Allow faded altars: false
     0 | D:1      | 0 ||| qw: Do Orc after clearing Dungeon:15 true
     0 | D:1      | 0 ||| qw: Do second Lair branch before Depths: true
     0 | D:1      | 0 ||| qw: Lair rune preference: random
     0 | D:1      | 0 ||| qw: Goals: Normal
     0 | D:1      | 0 ||| PLANNING D:1-11
   207 | D:1      | Reached XP level 2. HP: 16/16 MP: 4/4
   223 | D:1      | Reached skill level 6 in Ranged Weapons
   236 | D:1      | Found a faded altar of an unknown god.
   903 | D:1      | 903 ||| UPGRADING to +0 helmet.
   908 | D:1      | 908 ||| READING 2 scrolls labelled KIMALO ZIWEOGA.
   911 | D:1      | 911 ||| READING scroll labelled ABOUFFOCHA.
   911 | D:1      | 911 ||| IDENTIFYING viscous pink potion
   912 | D:1      | 912 ||| READING scroll labelled RUBIPODICU.
   912 | D:1      | Identified a scroll of acquirement
   912 | D:1      | 912 ||| ACQUIRING amulet of faith
   912 | D:1      | Acquired an amulet of faith
   914 | D:1      | 914 ||| UPGRADING to amulet of faith.
   919 | D:1      | 919 ||| READING scroll labelled HAWIEC WOFIMO.
   920 | D:1      | 920 ||| DRINKING 2 grey potions.
   921 | D:1      | 921 ||| DROPPING scroll of butterflies.
   922 | D:1      | 922 ||| DROPPING potion of brilliance.
  1005 | D:2      | Reached XP level 3. HP: 20/20 MP: 5/5
  1096 | D:2      | HP: 5/20 [poisoned by an adder]
  1207 | D:2      | Found a white marble altar of Elyvilon.
  1332 | D:2      | Reached skill level 7 in Ranged Weapons
  1363 | D:2      | HP: 5/20 [adder (3)]
  1364 | D:2      | 1364 ||| READING 2 scrolls of teleportation.
  1364 | D:2      | HP: 2/20 [adder (3)]
  1365 | D:2      | Slain by an adder

Levels and vault maps discovered:
D:1:      tekkud_arrival_beachfront_property, layout_loops_corners,
          shapermc_ecumenical_altar_notcrosses
D:2:      layout_basic, basic_altar, minmay_hexomino_r4

Skill      XL: |  1  2  3 |
---------------+----------+-----
Ranged Weapons | 6 7 |  7.2
Fighting       | |  1.5
Dodging        | |  2.4
Stealth        | |  1.2

Action                     || total
---------------------------++-------
   Fire: Shortbow          ||    84
    Use: Scroll            ||     5
         Potion            ||     1
 Armour: Leather armour    ||    15
  Dodge: Dodged            ||    16

Table legend:
 A = Non-vault XP
 B = Vault XP
 C = Vault XP percentage of total XP
 D = Non-vault monster count
 E = Vault monster count
 F = Vault count percentage of total count
                 A         B        C        D         E       F
            +---------+---------+-------+---------+---------+-------
      Total |      77 |       3 |   3.8 |      35 |       1 |   2.8
            +---------+---------+-------+---------+---------+-------
        D:1 |      39 |       0 |   0.0 |      24 |       0 |   0.0
        D:2 |      38 |       3 |   7.3 |      11 |       1 |   8.3
            +---------+---------+-------+---------+---------+-------
